 Dungeon Crawl Stone Soup version 0.26.1-10-gdfb7c7de75 (webtiles) character file.

Game seed: 11816629657255207456

4530 Revguard the Cleaver (level 10, 0/86 HPs)
             Began as a Hill Orc Fighter on Apr 2, 2021.
             Was a Believer of Beogh (penitent).
             Killed from afar by a steam dragon (11 damage)
             ... with a ball of steam
             ... on level 8 of the Dungeon.
             The game lasted 00:35:45 (9797 turns).

Revguard the Cleaver (Hill Orc Fighter)             Turns: 9797, Time: 00:35:46

Health: 0/86       AC: 16    Str: 21    XL:     10   Next: 39%
Magic:  5/5        EV:  7    Int:  8    God:    Beogh [*]
Gold:   433        SH: 11    Dex: 12    Spells: 9/9 levels left

rFire    . . .     SeeInvis .   t - +0 hand axe (antimagic)
rCold    + . .     Faith    .   c - +0 kite shield
rNeg     . . .     Spirit   .   A - +1 chain mail {rC+}
rPois    +         Reflect  .   f - +2 helmet
rElec    .         Harm     .   v - +1 cloak
rCorr    .         Rampage  .   w - -2 pair of gloves of Beogh's Envy {Will+} (curse)
Will     +....                  (no boots)
Stlth    ..........             (no amulet)
HPRegen  0.24/turn              j - ring of poison resistance
MPRegen  0.09/turn              (no ring)

@: no status effects
A: no striking features
a: Renounce Religion


You were on level 8 of the Dungeon.
You worshipped Beogh.
Beogh was demanding penance.
You visited 1 branch of the dungeon, and saw 8 of its levels.
You also visited: Sewer.

You collected 433 gold pieces.

Inventory:

Hand Weapons
 a - a +0 war axe
 t - a +0 antimagic hand axe (weapon)
Missiles
 b - 29 poisoned darts
 m - 13 javelins
 o - 2 atropa-tipped darts (quivered)
Armour
 c - a +0 kite shield (worn)
 f - a +2 helmet (worn)
 s - a +3 ring mail of fire resistance
 v - a +1 cloak (worn)
 w - the cursed -2 pair of gloves of Beogh's Envy (worn) {Will+}
   (You found it on level 5 of the Dungeon)

   It affects your willpower, your defense against some magical effects.
   It has a curse placed upon it.
 A - a +1 chain mail of cold resistance (worn)
Jewellery
 j - a ring of poison resistance (left hand)
Scrolls
 g - 5 scrolls of teleportation
 p - a scroll of holy word {unknown}
 q - a scroll of enchant armour
 r - a scroll of identify
 u - 2 scrolls of amnesia
 x - a scroll of blinking
 y - a scroll of magic mapping {unknown}
 B - a scroll of enchant weapon {unknown}
Potions
 d - 2 potions of might
 e - a potion of cancellation
 h - 2 potions of magic
 i - 3 potions of curing
 k - a potion of degeneration {unknown}
 l - a potion of haste
 n - 2 potions of flight
 z - a potion of brilliance


   Skills:
 + Level 7.0 Fighting
 + Level 10.6 Axes
 * Level 4.8 Throwing
 + Level 6.4 Armour
 + Level 2.7 Dodging
 + Level 7.4 Shields
 * Level 6.7 Invocations


You had 9 spell levels left.
You didn't know any spells.
Your spell library was empty.

Dungeon Overview and Level Annotations

Branches:
Dungeon (8/15)             Temple (0/1) D:4           Sewer (visited)
   Lair: D:8-11

Altars:
Elyvilon
Gozag
Hepliaklqana
Kikubaaqudgha
Makhleb
Ru
Sif Muna
Wu Jian
The Shining One


Message History

The steam dragon bites you but does no damage.
You block the steam dragon's attack.
You closely miss the steam dragon.
The steam dragon is moderately wounded.
You are engulfed in a cloud of scalding steam.
The steam dragon bites you but does no damage.
You block the steam dragon's attack.
Throw: 3 darts (atropa)
Press: ? - help, Q - select action, (/) - cycle Shift-Dir - straight line, f - steam dragon
Aim: a steam dragon (steam, moderately wounded, catching its breath, 62% to hit, chance to blind on hit: 72%)
You throw an atropa-tipped dart.
The atropa-tipped dart completely misses the steam dragon.
You hit the steam dragon.
The steam dragon is moderately wounded.
You block the steam dragon's attack. x2
You closely miss the steam dragon.
The steam dragon is moderately wounded.
The steam dragon breathes steam at you. The ball of steam hits you!
You die...

........#.#..#
####..#.#.#..#
.....#†#.#..#
####..#.#.#..#
..##..#.#.#..#
.............#
#.....#§#.#.##
#.##..#.#D#.#####
..........@.....#
#.##..#.###.###.#
. ....#.# ...
#.##. #.# #### #
#. #.# . #.# ##
...


You could see a steam dragon (catching breath).

Vanquished Creatures
  Erica (D:8)
  A two-headed ogre (D:8)
  An orc high priest (D:7)
  6 orc warriors
  Prince Ribbit (D:5)
  Sigmund (D:2)
  A wyvern (D:8)
  A water moccasin (D:8)
  A sky beast (D:6)
  An ice beast (D:7)
  An ogre (D:6)
  4 centaurs
  2 big kobolds
  4 bullfrogs
  A scorpion (D:6)
  5 wights (D:8)
  2 howler monkeys
  A bullfrog zombie (D:6)
  A quasit (D:6)
  A crimson imp (D:4)
  2 bullfrog skeletons
  A jelly (D:5)
  Crazy Yiuf (D:2)
  A hound (D:6)
  4 orc priests
  14 orc wizards
  2 iguanas
  8 worker ants
  Robin (D:2)
  16 adders
  A howler monkey skeleton (D:4)
  5 river rats
  3 shadow imps
  2 white imps (D:7)
  An adder skeleton (D:5)
  6 worms
  4 dart slugs
  3 leopard geckos
  34 orcs
  11 bats
  3 giant cockroaches
  20 goblins
  13 hobgoblins
  12 jackals
  3 quokkas
  2 ball pythons
  9 frilled lizards
  A goblin skeleton (D:4)
  A goblin zombie (D:4)
  A jackal zombie (D:5)
  16 kobolds
  A kobold skeleton (D:4)
  A leopard gecko skeleton (D:5)
  An orc skeleton (D:4)
  2 orc zombies (D:4)
  A quokka skeleton (D:4)
  A quokka zombie (D:5)
  11 rats
256 creatures vanquished.

Vanquished Creatures (collateral kills)
  A phantom (D:7)
  A bullfrog zombie (D:7)
  A centaur zombie (D:6)
  An iguana (D:7)
  An orc (D:6)
5 creatures vanquished.

Vanquished Creatures (others)
  A sky beast (D:8)
  An adder (D:8)
  5 orcs
7 creatures vanquished.

Grand Total: 268 creatures vanquished

Notes
Turn   | Place    | Note
-------+----------+-------------------------------------------
     0 | D:1      | Revguard the Hill Orc Fighter began the quest for the Orb.
     0 | D:1      | Reached XP level 1. HP: 19/19 MP: 1/1
   129 | D:1      | Reached XP level 2. HP: 27/27 MP: 2/2
   434 | D:1      | Reached XP level 3. HP: 22/33 MP: 3/3
   543 | D:1      | Reached skill level 3 in Axes
  1005 | D:2      | Noticed Robin
  1017 | D:2      | Killed Robin
  1018 | D:2      | Reached XP level 4. HP: 22/40 MP: 4/4
  1238 | D:2      | Reached skill level 4 in Axes
  1378 | D:2      | Found a runed translucent door.
  1379 | D:2      | Noticed Crazy Yiuf
  1388 | D:2      | Killed Crazy Yiuf
  1525 | D:2      | Reached XP level 5. HP: 46/46 MP: 5/5
  1527 | D:2      | Noticed Sigmund
  1551 | D:2      | Killed Sigmund
  1552 | D:2      | Reached skill level 5 in Axes
  1552 | D:2      | Reached skill level 1 in Dodging
  1552 | D:2      | Reached XP level 6. HP: 19/53 MP: 6/6
  1785 | D:2      | Found an opulent altar of Gozag.
  1826 | D:2      | Found a faded altar of an unknown god.
  1999 | D:2      | Found a hazy altar of Hepliaklqana.
  2231 | D:3      | Reached skill level 6 in Axes
  2454 | D:3      | Became a worshipper of Beogh the Brigand
  2634 | D:3      | Found a sacrificial altar of Ru.
  2646 | D:3      | Found a burning altar of Makhleb.
  2864 | D:3      | Found a shimmering blue altar of Sif Muna.
  2996 | D:3      | Reached skill level 1 in Invocations
  3113 | D:4      | Found a glowing golden altar of the Shining One.
  3140 | D:4      | Reached skill level 1 in Throwing
  3140 | D:4      | Reached XP level 7. HP: 55/60 MP: 2/7
  3191 | D:4      | Reached * piety under Beogh
  3392 | D:4      | Found a staircase to the Ecumenical Temple.
  3677 | D:4      | Found an ornate altar of the Wu Jian Council.
  4220 | D:5      | Entered Level 5 of the Dungeon
  4280 | D:5      | Reached skill level 5 in Fighting
  4288 | D:5      | Found a white marble altar of Elyvilon.
  4321 | D:5      | Reached skill level 7 in Axes
  4678 | D:5      | Got a pair of bloodstained gloves
  4684 | D:5      | Identified the cursed -2 pair of gloves of Beogh's Envy
                  | {Will+} (You found it on level 5 of the Dungeon)
  4786 | D:5      | Reached skill level 5 in Shields
  4793 | D:5      | Found a shimmering blue altar of Sif Muna.
  4999 | D:5      | Noticed Prince Ribbit
  5008 | D:5      | Reached ** piety under Beogh
  5009 | D:5      | Reached XP level 8. HP: 60/68 MP: 3/10
  5035 | D:5      | Killed Prince Ribbit
  5503 | D:6      | Found a glowing drain.
  5512 | Sewer    | Entered a sewer
  5646 | Sewer    | Reached skill level 8 in Axes
  5668 | Sewer    | Found a glowing silver altar of Zin.
  5883 | D:6      | Found an ancient bone altar of Kikubaaqudgha.
  5949 | D:6      | Reached skill level 5 in Armour
  6135 | D:6      | Reached XP level 9. HP: 75/75 MP: 4/12
  6369 | D:6      | Reached *** piety under Beogh
  6510 | D:6      | Reached skill level 9 in Axes
  6664 | D:7      | Reached skill level 5 in Invocations
  6750 | D:7      | Gained Wargath as an ally
  6774 | D:7      | Was placed under penance by Beogh
  6776 | D:7      | Your ally Wargath died
  7801 | D:7      | Noticed Blodwig
  7823 | D:7      | Noticed a sixfirhy
  7827 | D:7      | Killed Blodwig the orc high priest
  8843 | D:8      | Noticed Erica
  9225 | D:8      | Reached skill level 10 in Axes
  9638 | D:8      | Killed Erica
  9639 | D:8      | Reached XP level 10. HP: 77/84 MP: 4/14
  9750 | D:8      | Noticed a two-headed ogre
  9780 | D:8      | Killed a two-headed ogre
  9791 | D:8      | HP: 4/86 [steam dragon/ball of steam (7)]
  9797 | D:8      | Killed from afar by a steam dragon

Illustrated notes

Levels and vault maps discovered:
D:1:      eino_arrival_cavern_b, layout_basic
D:2:      layout_rooms, nzn_hepliaklqana_mist_gate,
          nicolae_overflow_hidden_temple, chequers_ecumenical_altar_island,
          uniq_robin, uniq_sigmund, uniq_crazy_yiuf_cottage
D:3:      layout_loops_ring, led_sif_book, general_overflow_altar,
          nicolae_ru_path_of_blood
D:4:      layout_basic, lemuel_round_altar, nicolae_tso_besieged_by_evil,
          minmay_temple_entry_tees, minmay_fractal_squares_diagonal_5
D:5:      layout_rooms, basic_altar, minmay_ruined_shrine, uniq_prince_ribbit1
D:6:      layout_rooms, marbit_many_paths, lightli_sewer_entry_pipes
D:7:      layout_loops_ring
D:8:      layout_basic, uniq_erica

Skill      XL: |  1  2  3  4  5  6  7  8  9 10 |
---------------+-------------------------------+-----
Axes           | 3 4 5 6 7 8 10 | 10.6
Shields        | 4 5 7 |  7.4
Fighting       | 4 5 6 7 |  7.0
Armour         | 4 5 6 |  6.4
Dodging        | 1 2 |  2.7
Invocations    | 1 2 4 6 |  6.7
Throwing       | 1 2 3 4 |  4.8

Action                   |  1- 3 |  4- 6 |  7- 9 | 10-12 || total
-------------------------+-------+-------+-------+-------++-------
Melee: War axe           |    79 |   157 |       |       ||   236
       Hand axe          |       |    62 |   863 |    69 ||   994
Throw: Dart              |       |     5 |       |     1 ||     6
Invok: Convert to Beogh  |       |     1 |       |       ||     1
  Use: Scroll            |     3 |       |    12 |       ||    15
       Potion            |       |     3 |    11 |     2 ||    16
 Stab: Invisible         |       |       |     3 |       ||     3
       Distracted        |       |       |     1 |       ||     1
Armor: Scale mail        |    63 |    53 |       |       ||   116
       Ring mail         |       |    30 |   204 |       ||   234
       Chain mail        |       |       |   118 |    44 ||   162
       Skin              |       |       |     2 |       ||     2
Dodge: Dodged            |    46 |    71 |   271 |    21 ||   409
Block: Kite shield       |    73 |    93 |   398 |    45 ||   609
